 Dungeon Crawl Stone Soup version 0.32-a0-43-g058985b245 (webtiles) character file.

Game seed: 3200524252404231578

493 PriceMaster the Firebug (level 7, -1/42 HPs)
             Began as an Octopode Fire Elementalist on Feb 3, 2024.
             Was an Initiate of Vehumet.
             Slain by a sky beast (5 damage)
             ... on level 4 of the Dungeon.
             The game lasted 00:09:03 (5246 turns).

PriceMaster the Firebug (OpFE)                      Turns: 5246, Time: 00:09:04

Health: -1/42      AC:  1    Str:  7    XL:     7   Next: 15%
Magic:  1/13       EV: 11    Int: 19    God:    Vehumet [......]
Gold:   136        SH:  0    Dex: 13    Spells: 5/14 levels left

rFire   . . .        j - +3 dagger (speed)
rCold   . . .        (no shield)
rNeg    . . .        (helmet restricted)
rPois   .            c - amulet of faith
rElec   .            (no ring)
rCorr   .            (no ring)
SInv    .            (no ring)
Will    .....        (no ring)
Stlth   +++          (no ring)
HPRegen 0.27/turn    (no ring)
MPRegen 0.13/turn    (no ring)
                     (no ring)

%: faith
@: about to teleport, very slightly contaminated, constricted
A: almost no armour, amphibious, 8 rings, camouflage 1, gelatinous body 1,
(nimble swimmer 1), tentacles
a: Renounce Religion


You were on level 4 of the Dungeon.
You worshipped Vehumet.
Vehumet was noncommittal.
You visited 1 branch of the dungeon, and saw 4 of its levels.

You collected 136 gold pieces.

Inventory:

Hand Weapons
 b - a +2 dagger
 i - a +4 quarterstaff of chaos
 j - a +3 dagger of speed (weapon)
Jewellery
 c - an amulet of faith (around mantle)
 e - an amulet of regeneration
 l - the ring of the Curious Beggars {rPois rF- rC+ Will+ Slay-2 SInv}
   (You found it on level 4 of the Dungeon)

   [ring of see invisible]

   Slay-2:    It affects your accuracy & damage with ranged weapons and melee
   (-2).
   rF-:       It makes you vulnerable to fire.
   rC+:       It protects you from cold.
   rPois:     It protects you from poison Will+: It increases your willpower.
   SInv:      It lets you see invisible.
Scrolls
 a - a scroll of enchant weapon
 d - a scroll of identify
 f - a scroll of teleportation


   Skills:
 + Level 0.5 Fighting
 + Level 1.4 Short Blades
 + Level 3.1 Dodging
 + Level 4.1 Stealth
 + Level 0.1 Unarmed Combat
 + Level 4.1 Spellcasting
 + Level 2.2 Conjurations
 + Level 0.2 Hexes
 + Level 4.9 Fire Magic


You had 5 spell levels left.
You knew the following spells:

 Your Spells              Type           Power      Damage    Failure   Level
a - Foxfire               Conj/Fire      68%        2x1d7     3%          1
b - Scorch                Fire           44%        2d6       2%          2
c - Inner Flame           Hex/Fire       13%        N/A       14%         3
d - Stone Arrow           Conj/Erth      16%        3d8       26%         3

Your spell library contained the following spells:

 Spells                   Type           Power      Damage    Failure   Level
 Sandblast                Erth           8%         2d5       14%         1
 Volatile Blastmotes      Fire/Tloc      26%        2d12      14%         3
 Flame Wave               Conj/Fire      17%        2d7       30%         4
 Gell's Gravitas          Tloc           3%         N/A       38%         3
 Passwall                 Erth           4%         N/A       38%         3
 Teleport Other           Tloc           3%         N/A       38%         3
 Brom's Barrelling Bould  Conj/Erth      8%         2d3       63%         4
 Dispersal                Tloc           1%         N/A       100%        6


Dungeon Overview and Level Annotations

Branches:
Dungeon (4/15)
 Temple: D:4-7

Altars:
Cheibriados
Ru
Vehumet

Shops:
D:1 !   D:3 :


Innate Abilities, Weirdness & Mutations

You cannot wear most types of armour.
You are amphibious.
You can wear up to eight rings at the same time.
Your skin changes colour to match your surroundings (Stealth+).
Your rubbery body absorbs attacks. (AC +1, EV +1)
((You are camouflaged when in or above water. (Stealth+)))
You have tentacles for arms and can constrict up to eight enemies at once.


Message History

You are very lightly contaminated with residual magic.
Nothing appears to happen.
Something hits you. Something shocks you.
Unknown command.
You aren't carrying any potions.
Unknown command.
As you read the scroll of fear, it crumbles to dust.
You assume a fearsome visage.
A sky beast appears from thin air!
Reactivating autopickup.
Casting: Stone Arrow (quite dangerous; 26% risk of failure)
Confirm with . or Enter, or press ? or * to list all spells.
Aiming: Inner Flame (dangerous; 14% risk of failure)
Press: ? - help, Dir - move target, f - sky beast
Aim: a sky beast (moderately wounded, fleeing, more vulnerable to fire, ally target, chance to affect: 66%)
Your attack snaps the sky beast out of its fear.
The sky beast is filled with an inner flame.
The sky beast is no longer more vulnerable to fire.
A ball python comes into view.
The sky beast attacks as it pursues you!
The sky beast barely misses you.
As you read the scroll of teleportation, it crumbles to dust.
You feel strangely unstable. The sky beast misses you.
The sky beast flickers out of sight!
Deactivating autopickup; reactivate with Ctrl-A.
The ball python closely misses you. The ball python grabs you.
The ball python constricts you.
You closely miss the ball python. Your grab misses the ball python.
You tentacle-slap the ball python.
The ball python is moderately wounded.
Something hits you.
* * * LOW HITPOINT WARNING * * *
Something shocks you.
* * * LOW HITPOINT WARNING * * *
You aren't carrying any potions.
Unknown command.
As you read the scroll labelled SAER LULYFUZOA, it crumbles to dust.
The creatures around you are filled with an inner flame!
It was a scroll of immolation.
The ball python bites you.
* * * LOW HITPOINT WARNING * * *
The ball python constricts you. Something hits you.
You die...

#..# #####..# .#
.......## .#
###.....# .+
#)###.######## .# #.#
#......<.# .##+#
###.###.######.# ....
.#####..### #.##S#.
..^8^..##.## #.#@#.#
.#####.....###.#.#.##
.# #.......#.......#
.####.........#####.#
..............# #
.#######...##.# .#
##.###.# .# ### #.#
)# ...


You could see a ball python (inner flame).

Vanquished Creatures
  Sigmund (D:3)
  A hound (D:4)
  An orc priest (D:4)
  Crazy Yiuf (D:3)
  Terence (D:2)
  Natasha (thrice) (D:2)
  An orc wizard (D:4)
  7 adders
  2 dart slugs (D:1)
  3 orcs (D:4)
  9 endoplasms
  2 giant cockroaches (D:1)
  7 hobgoblins
  4 kobolds
  2 quokkas
  2 ball pythons (D:1)
  6 bats
  3 frilled lizards (D:1)
  6 goblins
  4 rats
66 creatures vanquished.

Vanquished Creatures (others)
  107 foxfires
107 creatures vanquished.

Grand Total: 173 creatures vanquished

Notes
Turn   | Place    | Note
-------+----------+-------------------------------------------
     0 | D:1      | PriceMaster the Octopode Fire Elementalist began the quest
                  | for the Orb.
     0 | D:1      | Reached XP level 1. HP: 11/11 MP: 3/3
     3 | D:1      | Found Votti's Distillery.
   118 | D:1      | Reached XP level 2. HP: 17/17 MP: 0/5
   124 | D:1      | Learned a level 2 spell: Scorch
   512 | D:1      | Reached XP level 3. HP: 21/21 MP: 6/6
  1258 | D:2      | Noticed Terence
  1263 | D:2      | Killed Terence
  1264 | D:2      | Reached skill level 1 in Short Blades
  1264 | D:2      | Reached XP level 4. HP: 17/27 MP: 1/7
  1513 | D:2      | Noticed Natasha
  1520 | D:2      | Killed Natasha
  2542 | D:2      | Noticed Natasha
  2556 | D:2      | Killed Natasha
  2557 | D:2      | Reached XP level 5. HP: 31/31 MP: 1/8
  2659 | D:2      | Noticed Natasha
  2678 | D:2      | Killed Natasha
  3032 | D:3      | Learned a level 3 spell: Inner Flame
  3047 | D:3      | Noticed Sigmund
  3050 | D:3      | Killed Sigmund
  3051 | D:3      | Reached XP level 6. HP: 37/37 MP: 0/11
  3181 | D:3      | Learned a level 3 spell: Stone Arrow
  3625 | D:3      | Found a runed translucent door.
  3626 | D:3      | Noticed Crazy Yiuf
  3632 | D:3      | Killed Crazy Yiuf
  3937 | D:3      | Found a radiant altar of Vehumet.
  3937 | D:3      | Found a sacrificial altar of Ru.
  3938 | D:3      | Found a snail-covered altar of Cheibriados.
  3969 | D:3      | Became a worshipper of Vehumet
  4025 | D:3      | Found Cyunloj's Book Boutique.
  4916 | D:4      | Identified the ring of the Curious Beggars {rPois rF- rC+
                  | Will+ Slay-2 SInv}
  4952 | D:4      | Reached XP level 7. HP: 40/42 MP: 6/13
  5246 | D:4      | Slain by a sky beast

Illustrated notes

Levels and vault maps discovered:
D:1:      spicycebolla_green_bress_n_ham, layout_basic, serial_shops, shop
D:2:      layout_basic, uniq_natasha, uniq_terence
D:3:      layout_loops_ring, gammafunk_temple_overflow_claw, serial_shops,
          nicolae_shop_hallway_plus, minivault_24, chequers_decorated_corner,
          uniq_crazy_yiuf_cottage, uniq_sigmund
D:4:      layout_loops_ring, lemuel_crystal_altar,
          ebering_dispersal_statue_hall, minmay_misc_feat_doors

Skill      XL: |  1  2  3  4  5  6  7 |
---------------+----------------------+-----
Short Blades   | 1 |  1.4
Stealth        | 3 4 |  4.1
Fire Magic     | 4 |  4.9
Spellcasting   | 3 4 |  4.1
Conjurations   | 2 |  2.2
Dodging        | 3 |  3.1
Fighting       | |  0.5
Unarmed Combat | |  0.1
Hexes          | |  0.2

Action                     |  1- 3 |  4- 6 |  7- 9 || total
---------------------------+-------+-------+-------++-------
  Melee: Unarmed           |     8 |       |       ||     8
         Constrict         |    11 |     1 |       ||    12
         Tentacles         |     7 |     2 |       ||     9
         Dagger            |    39 |    12 |    17 ||    68
         Punch             |       |       |     1 ||     1
   Cast: Foxfire           |    18 |    46 |     4 ||    68
         Scorch            |    10 |    13 |     2 ||    25
         Inner Flame       |       |     9 |     1 ||    10
         Stone Arrow       |       |     2 |     2 ||     4
    Use: Scroll            |     7 |     2 |     3 ||    12
         Potion            |       |     3 |     1 ||     4
   Stab: Sleeping          |     3 |     3 |       ||     6
 Armour: Skin              |    25 |     9 |    22 ||    56
  Dodge: Dodged            |    36 |     6 |     6 ||    48

Table legend: (Time is in decaauts)
 A = Elapsed time spent in this place.
 B = Non-inter-level travel time spent in this place.
 C = Inter-level travel time spent in this place.
 D = Time resting spent in this place.
 E = Time spent auto-exploring this place.
 F = Levels seen in this place.
 G = Mean time per level.
                   A        B        C        D        E       F      G
               +--------+--------+--------+--------+--------+-----+--------+
         Total |   5246 |   4768 |    478 |   1519 |   2421 |   4 | 1311.5 |
       Dungeon |   5246 |   4768 |    478 |   1519 |   2421 |   4 | 1311.5 |
               +--------+--------+--------+--------+--------+-----+--------+

Top non-repeatable levels by time:
     D:2: 1894 daAuts
     D:3: 1547 daAuts
     D:1: 1065 daAuts
     D:4: 739 daAuts
